 Dungeon Crawl Stone Soup version 0.26.1-11-gd32895ea62 (webtiles) character file.

Game seed: 4116606905301982767

125 Arcadio the Firebug (level 5, 0/35 HPs)
             Began as a Human Fire Elementalist on May 21, 2021.
             Slain by a shadow imp (5 damage)
             ... on level 5 of the Dungeon.
             The game lasted 00:13:13 (6196 turns).

Arcadio the Firebug (Human Fire Elementalist)       Turns: 6196, Time: 00:13:16

Health: 0/35       AC:  2    Str:  8    XL:     5   Next: 30%
Magic:  6/8        EV: 13    Int: 16    God:
Gold:   194        SH:  0    Dex: 14    Spells: 1/8 levels left

rFire    . . .     SeeInvis .   f - +1 short sword
rCold    . . .     Faith    .   (no shield)
rNeg     . . .     Spirit   .   a - +0 robe
rPois    .         Reflect  .   (no helmet)
rElec    .         Harm     .   (no cloak)
rCorr    .         Rampage  .   (no gloves)
Will     .....                  (no boots)
Stlth    ++........             (no amulet)
HPRegen  0.11/turn              (no ring)
MPRegen  0.11/turn              (no ring)

@: lethally poisoned (0 -> -3)
A: no striking features
a: no special abilities


You were on level 5 of the Dungeon.
You visited 1 branch of the dungeon, and saw 5 of its levels.

You collected 194 gold pieces.

Inventory:

Hand Weapons
 f - a +1 short sword (weapon)
 q - a +0 morningstar
Armour
 a - a +0 robe (worn)
 m - a +0 cloak
Wands
 r - a wand of polymorph (4)
Potions
 c - 3 potions of brilliance
 h - a potion of attraction
 i - a potion of curing
 l - a potion of resistance {unknown}
 p - a potion of mutation {unknown}


   Skills:
 + Level 3.2 Dodging
 - Level 2.0 Stealth
 - Level 2.0 Spellcasting
 + Level 2.7 Conjurations
 + Level 4.0 Fire Magic


You had one spell level left.
You knew the following spells:

 Your Spells              Type           Power        Failure   Level
a - Foxfire               Conj/Fire      48%          4%          1
b - Conjure Flame         Conj/Fire      12%          16%         3
c - Inner Flame           Hex/Fire       8%           26%         3

Your spell library contained the following spells:

 Spells                   Type           Power        Failure   Level
 Sticky Flame             Conj/Fire      12%          45%         4
 Fireball                 Conj/Fire      6%           80%         5


Dungeon Overview and Level Annotations

Branches:
Dungeon (5/15)
 Temple: D:4-7

Altars:
Ru

Annotations:
D:4 Eustachio, Menkaure, Pikel


Message History

The adder closely misses you. The adder zombie bites you. The adder bites you.
* * * LOW HITPOINT WARNING * * *
Casting: Foxfire (safe; 4% risk of failure)
Confirm with . or Enter, or press ? or * to list all spells.
You conjure some foxfire!
You feel sick. The adder zombie barely misses you.
The adder bites you but does no damage. The shadow imp barely misses you.
You barely miss the adder.
The adder is severely wounded.
The foxfire hits the shadow imp.
The shadow imp is moderately wounded.
The adder closely misses you. The adder zombie barely misses you.
The shadow imp misses you.
You hit the adder.
The adder is severely wounded.
The adder bites you but does no damage. The adder zombie bites you.
* * * LOW HITPOINT WARNING * * *
The adder bites you.
* * * LOW HITPOINT WARNING * * *
The shadow imp hits you.
You die...

####
####@.###
##..Z5S..#
#....<...#
#........##
#.........#
..........#
.........##
.......$.#
.........#


You could see an adder, a shadow imp and an adder zombie.

Vanquished Creatures
  4 lemures (D:3)
  A worker ant (D:4)
  Ijyb (D:4)
  An adder (D:2)
  3 dart slugs
  3 orcs (D:3)
  3 ball pythons
  7 bats
  A giant cockroach (D:4)
  7 goblins
  6 hobgoblins
  6 jackals
  A quokka (D:2)
  3 frilled lizards
  6 kobolds
  A quokka skeleton (D:4)
  6 rats
60 creatures vanquished.

Vanquished Creatures (others)
  206 foxfires
  A plant (D:1)
207 creatures vanquished.

Grand Total: 267 creatures vanquished

Notes
Turn   | Place    | Note
-------+----------+-------------------------------------------
     0 | D:1      | Arcadio the Human Fire Elementalist began the quest for the
                  | Orb.
     0 | D:1      | Reached XP level 1. HP: 13/13 MP: 3/3
   202 | D:1      | Reached XP level 2. HP: 19/19 MP: 3/5
  1164 | D:1      | Reached XP level 3. HP: 24/24 MP: 4/6
  1196 | D:1      | Learned a level 3 spell: Conjure Flame
  1765 | D:2      | Reached XP level 4. HP: 24/30 MP: 3/7
  2682 | D:3      | Found a sacrificial altar of Ru.
  3084 | D:3      | Learned a level 3 spell: Inner Flame
  3369 | D:4      | Noticed Eustachio
  3398 | D:4      | Noticed Ijyb
  3415 | D:4      | Killed Ijyb
  3416 | D:4      | Reached XP level 5. HP: 35/35 MP: 1/8
  3428 | D:4      | Reached skill level 4 in Fire Magic
  3621 | D:4      | Noticed a lemure
  3622 | D:4      | Noticed a lemure
  3625 | D:4      | Noticed a lemure
  3628 | D:4      | Noticed Pikel
  3638 | D:4      | Noticed a lemure
  4192 | D:3      | Killed a lemure
  4693 | D:4      | Noticed Menkaure
  4812 | D:3      | Killed a lemure
  5131 | D:4      | HP: 1/35 [shadow imp[Eustachio] (2)]
  5338 | D:3      | Killed a lemure
  5928 | D:3      | Killed a lemure
  6188 | D:5      | Entered Level 5 of the Dungeon
  6196 | D:5      | Slain by a shadow imp

Illustrated notes

Levels and vault maps discovered:
D:1:      sevenhm_arrival_forest_fort_small_4, layout_loops_ring
D:2:      layout_rooms
D:3:      layout_basic, nicolae_ru_awakened_eye
D:4:      black_bear_nest_1, layout_basic, uniq_ijyb, uniq_crazy_yiuf_cottage,
          uniq_eustachio, uniq_menkaure, uniq_pikel
D:5:      layout_cave_pods, minmay_temple_entry_crystal_x, basic_altar

Skill      XL: |  1  2  3  4  5 |
---------------+----------------+-----
Conjurations   | 2 |  2.7
Dodging        | 3 |  3.2
Fire Magic     | 4 |  4.0
Stealth        | |  2.0
Spellcasting   | |  2.0

Action                   |  1- 3 |  4- 6 || total
-------------------------+-------+-------++-------
Melee: Short sword       |    41 |    66 ||   107
 Cast: Foxfire           |    41 |    90 ||   131
       Conjure Flame     |       |     1 ||     1
  Use: Scroll            |       |    11 ||    11
       Potion            |       |     7 ||     7
Armor: Robe              |    11 |    14 ||    25
       Skin              |       |    12 ||    12
Dodge: Dodged            |    63 |   102 ||   165
